 Dungeon Crawl Stone Soup version 0.29-a0-323-g050149af67 (webtiles) character file.

Game seed: 1806265373205046551

494 spaghetti the Slasher (level 7, -1/69 HPs)
             Began as an Octopode Berserker on Apr 10, 2022.
             Was a Believer of Trog.
             Slain by an adder (4 damage)
             ... in a sewer.
             The game lasted 00:04:17 (3520 turns).

spaghetti the Slasher (Octopode Berserker)          Turns: 3520, Time: 00:04:18

Health: -1/69      AC:  1    Str: 17    XL:     7   Next: 15%
Magic:  7/7        EV: 10    Int:  9    God:    Trog [**....]
Gold:   114        SH:  3    Dex: 13    Spells: 6/6 levels left

rFire   . . .      SeeInvis .   a - +0 falchion {long}
rCold   . . .      Faith    .   k - +0 buckler
rNeg    . . .      Spirit   .   (helmet restricted)
rPois   .          Reflect  .   (no amulet)
rElec   .          Harm     .   (no ring)
rCorr   .          Rampage  .   (no ring)
Will    .....                   (no ring)
Stlth   ..........              (no ring)
HPRegen 0.21/turn               (no ring)
MPRegen 0.10/turn               (no ring)
                                (no ring)
                                (no ring)

@: berserking (expiring), lethally poisoned (-1 -> -7), constricted, very quick
A: almost no armour, amphibious, 8 rings, camouflage 1, gelatinous body 1,
nimble swimmer 1, tentacles
a: Renounce Religion, Berserk, Trog's Hand


You were in a sewer.
You worshipped Trog.
Trog was pleased with you.
You visited 1 branch of the dungeon, and saw 4 of its levels.
You also visited: Sewer.

You collected 114 gold pieces.


Innate Abilities, Weirdness & Mutations

You cannot wear most types of armour.
You are amphibious.
You can wear up to eight rings at the same time.
Your skin changes colour to match your surroundings (Stealth+).
Your rubbery body absorbs attacks. (AC +1, EV +1)
You are camouflaged when in or above water. (Stealth+)
You have tentacles for arms and can constrict up to eight enemies at once.


   Skills:
 - Level 3.0 Fighting
 + Level 7.9 Long Blades
 - Level 3.0 Dodging


You had 6 spell levels left.
You didn't know any spells.
Your spell library was empty.

Inventory:

Hand Weapons
 a - a +0 falchion (weapon) {long}
Missiles
 g - 65 stones (quivered) {throwing}
 p - 6 boomerangs {throwing}
Armour
 k - a +0 buckler (worn)
   (You took it off a hobgoblin on level 2 of the Dungeon)
Wands
 t - a wand of acid (5)
   (You found it on level 3 of the Dungeon)
Scrolls
 b - a scroll of fear
 c - a scroll of acquirement {unknown}
 e - 2 scrolls of blinking {unknown}
 f - a scroll of amnesia {unknown}
 h - 2 scrolls of identify {@r1}
 l - a scroll of vulnerability {unknown}
 m - 2 scrolls of fog {unknown}
 n - a scroll of enchant weapon {unknown}
 o - a scroll of enchant armour {unknown}
 q - a scroll of teleportation {unknown}
Potions
 d - a potion of curing {@q1}
 i - a potion of brilliance {unknown}
 j - 2 potions of flight {unknown}
 r - a potion of mutation {unknown}
 s - a potion of heal wounds {unknown}
 u - 2 potions of might
 v - a potion of cancellation {unknown}
 w - a potion of ambrosia {unknown}
 x - a potion of haste {unknown}

Dungeon Overview and Level Annotations

Branches:
Dungeon (4/15)              Sewer (1/1)
 Temple: D:4-7

Altars:

Shops:
D:1

* ..####################
.## ##### .'..# .#..#
.####
..####################+#
....≈≈≈≈≈≈≈≈≈≈≈≈SS≈....#
....≈≈≈≈≈≈≈≈≈≈≈S@†≈.....
....≈≈≈≈≈≈≈≈≈≈≈SSl≈≈....
...≈≈≈≈≈≈≈#≈≈≈≈≈≈≈≈.....
...≈≈≈≈≈≈≈≈..≈#≈≈≈≈≈....
##..≈≈≈≈≈≈≈≈≈≈≈≈≈≈≈#...#
#######################


You could see 2 adders, 3 ball pythons and a frilled lizard.


Message History

You are too injured to fight recklessly!
You are too injured to fight recklessly!
You are too injured to fight recklessly!
You are too injured to fight recklessly!
You are too injured to fight recklessly!
You are too injured to fight recklessly!
You are too injured to fight recklessly!
You are too injured to fight recklessly!
You are too injured to fight recklessly!
You are too injured to fight recklessly!
You are too injured to fight recklessly!
You are too injured to fight recklessly!
You are too injured to fight recklessly!
You are too injured to fight recklessly!
You are too injured to fight recklessly!
You are too injured to fight recklessly!
Unknown command.
A red film seems to cover your vision as you go berserk!
You feel yourself moving faster!
You feel mighty! The bullfrog misses you. The adder closely misses you.
The bullfrog hits you! The bullfrog closely misses you. The adder bites you.
You are poisoned.
The adder poisons you! 😮 HP[+10]
You now have 63 max hp (+21).
You regained 10 hp, and now have 44/63 hp.
Unknown command.
You slash the bullfrog! You grab the bullfrog. You squeeze the bullfrog!
You constrict the bullfrog.
You feel sick. The adder barely misses you. The bullfrog hits you!
The bullfrog hits you. The frilled lizard bites you. 😮 HP[-10]
You take 10 damage, and now have 34/63 hp.
You hit the bullfrog.
You kill the bullfrog!
Trog accepts your kill.
You feel sick. The adder closely misses you. The bullfrog hits you.
* * * LOW HITPOINT WARNING * * *
The adder bites you.
* * * LOW HITPOINT WARNING * * *
You are more poisoned.
The adder poisons you! The frilled lizard misses you.
You block the bullfrog's attack. The adder barely misses you. 😨 HP[-7]
You take 7 damage, and now have 27/63 hp.
You slash the bullfrog! Your grab misses the bullfrog.
Your squeeze misses the bullfrog.
You feel sick. The adder misses you. The ball python barely misses you.
You block the ball python's attack. The bullfrog hits you.
* * * LOW HITPOINT WARNING * * *
The adder closely misses you. 😨 HP[-6]
You take 6 damage, and now have 21/63 hp.
Unknown command.
You slash the bullfrog!
You kill the bullfrog!
Trog accepts your kill.
You feel sick. The adder completely misses you. The adder bites you.
* * * LOW HITPOINT WARNING * * *
The ball python closely misses you. The ball python misses you.
The frilled lizard barely misses you.
You have reached level 7! 😨 HP[-2] MP[+1]
You now have 69 max hp (+6).
Your mp is fully restored (7).
Unknown command.
Unknown command.
You hit the adder. You grab the adder. You squeeze the adder!
You kill the adder!
Trog accepts your kill.
You feel sick. The ball python closely misses you. The ball python grabs you.
The ball python constricts you.
* * * LOW HITPOINT WARNING * * *
The ball python bites you.
* * * LOW HITPOINT WARNING * * *
The adder bites you.
* * * LOW HITPOINT WARNING * * *
You block the adder's attack.
The ball python barely misses you. 😱 HP[-7]
You take 7 damage, and now have 12/69 hp.
Unknown command.
You closely miss the adder. Your grab misses the adder.
You feel sick. The frilled lizard bites you.
* * * LOW HITPOINT WARNING * * *
The ball python bites you but does no damage.
The ball python constricts you. The ball python bites you.
* * * LOW HITPOINT WARNING * * *
The adder closely misses you. The adder bites you.
* * * LOW HITPOINT WARNING * * *
You are lethally poisoned!
The adder poisons you! The ball python bites you.
* * * LOW HITPOINT WARNING * * *
😱 HP[-9]
You take 9 damage, and now have 3/69 hp.
Unknown command.
Unknown command.
Unknown command.
You closely miss the adder. You grab the adder. You constrict the adder.
* * * LOW HITPOINT WARNING * * *
You feel sick. The adder bites you.
You die...

Skill      XL: |  1  2  3  4  5  6 |
---------------+-------------------+-----
Long Blades    | 4 5 6 7 |  7.9
Fighting       | |  3.0
Dodging        | |  3.0

Action                   |  1- 3 |  4- 6 |  7- 9 || total
-------------------------+-------+-------+-------++-------
Melee: Falchion          |    53 |   137 |     3 ||   193
       Tentacles         |    16 |    28 |     1 ||    45
       Constrict         |    17 |    34 |     2 ||    53
       Punch             |     1 |     1 |       ||     2
Throw: Stone             |       |    19 |       ||    19
Invok: Berserk           |     2 |     6 |       ||     8
  Use: Scroll            |     1 |       |       ||     1
       Potion            |       |     1 |       ||     1
 Stab: Sleeping          |     2 |     5 |       ||     7
       Distracted        |       |     1 |       ||     1
Armor: Skin              |     6 |    17 |     1 ||    24
Dodge: Dodged            |    51 |   125 |     3 ||   179
Block: Buckler           |       |    23 |     1 ||    24

Levels and vault maps discovered:
D:1:      matt_arrival_spirals, layout_loops_ring, serial_shops, shop,
          serial_bayou_pond_b
D:2:      layout_basic, serial_undead, serial_undead_a, serial_undead_e,
          serial_undead_c, serial_undead_f, serial_undead_b, serial_undead_a,
          serial_undead_f, shapermc_ecumenical_altar_mp_ritualfount, hex_medium
D:3:      layout_rooms, minmay_unequal
D:4:      layout_basic, cheibrodos_sewer_entry_sluice,
          minmay_misc_feat_more_columns, grunt_decor_one_mirror
Sewer:    sewer_minmay_w

Notes
Turn   | Place    | Note
-------+----------+-------------------------------------------
     0 | D:1      | spaghetti the Octopode Berserker began the quest for the
                  | Orb.
     0 | D:1      | Reached XP level 1. HP: 16/16 MP: 1/1
     0 | D:1      | magus.rc [v1.9.6]
   280 | D:1      | HP: 6/24 [hobgoblin (2)]
   283 | D:1      | Reached XP level 2. HP: 6/21 MP: 2/2
   730 | D:1      | Reached skill level 4 in Long Blades
   869 | D:1      | Reached XP level 3. HP: 26/26 MP: 3/3
  1077 | D:1      | Found Ficsylyu's General Store.
  1195 | D:2      | HP: 4/39 [gnoll/+0 whip (8)]
  1196 | D:2      | Reached XP level 4. HP: 5/31 MP: 4/4
  1198 | D:2      | Reached skill level 5 in Long Blades
  1224 | D:2      | HP: 4/31 [worm (9)]
  1255 | D:2      | HP: 5/31 [frozen (3)]
  1256 | D:2      | Reached ** piety under Trog
  1591 | D:2      | Found a faded altar of an unknown god.
  2256 | D:3      | Reached XP level 5. HP: 25/36 MP: 5/5
  2782 | D:4      | Noticed a black bear
  2790 | D:4      | Killed a black bear
  2791 | D:4      | Reached skill level 6 in Long Blades
  2791 | D:4      | Reached XP level 6. HP: 42/42 MP: 6/6
  2821 | D:4      | Found a glowing drain.
  2831 | Sewer    | Entered a sewer
  3067 | Sewer    | HP: 10/63 [river rat (8)]
  3068 | Sewer    | Reached skill level 7 in Long Blades
  3518 | Sewer    | Reached XP level 7. HP: 19/46 MP: 7/7
  3518 | Sewer    | HP: 17/69 [constriction (1)]
  3519 | Sewer    | HP: 8/69 [frilled lizard (3)]
  3519 | Sewer    | HP: 3/69 [ball python (1)]
  3520 | Sewer    | Slain by an adder

Vanquished Creatures
  A black bear (D:4)
  2 bullfrogs (Sewer)
  An orc wizard (D:3)
  A hound skeleton (D:2)
  4 gnolls (D:2)
  3 adders (Sewer)
  8 river rats (Sewer)
  An adder skeleton (D:2)
  2 worms
  3 orcs (D:3)
  14 ball pythons
  A bat skeleton (D:2)
  A bat zombie (D:2)
  9 endoplasms
  A giant cockroach (D:2)
  4 goblins
  9 hobgoblins
  5 jackals
  3 kobolds
  A quokka (D:1)
  6 bats
  3 frilled lizards
  A quokka skeleton (D:2)
  24 rats
108 creatures vanquished.

Vanquished Creatures (others)
  4 plants (D:2)
  2 withered plants (D:2)
6 creatures vanquished.

Grand Total: 114 creatures vanquished

Table legend:
 A = Non-vault XP
 B = Vault XP
 C = Vault XP percentage of total XP
 D = Non-vault monster count
 E = Vault monster count
 F = Vault count percentage of total count
                 A         B        C        D         E       F
            +---------+---------+-------+---------+---------+-------
      Total |     317 |     389 |  55.1 |      54 |      54 |  50.0
            +---------+---------+-------+---------+---------+-------
        D:1 |      34 |       4 |  10.5 |      19 |       3 |  13.6
        D:2 |      87 |      30 |  25.6 |      19 |       5 |  20.8
        D:3 |      61 |       5 |   7.6 |      11 |       3 |  21.4
        D:4 |     135 |       1 |   0.7 |       5 |       1 |  16.7
      Sewer |       0 |     349 | 100.0 |       0 |      42 | 100.0
            +---------+---------+-------+---------+---------+-------

Illustrated notes

Table legend:
 A = Kills in this place as a percentage of kills in entire the game.
 B = Kills by you in this place as a percentage of kills by you in the entire game.
 C = Kills by friends in this place as a percentage of kills by friends in the entire game.
 D = Other kills in this place as a percentage of other kills in the entire game.
 E = Experience gained in this place as a percentage of experience gained in the entire game.
 F = Experience gained in this place divided by the number of levels of this place that you have seen.
                   A       B       C       D       E      F
               +-------+-------+-------+-------+-------+----------------------
         Total | 100.0 | 100.0 |   N/A |   N/A | 100.0 | 141.2
       Dungeon |  61.1 |  61.1 |   N/A |   N/A |  50.6 |  89.2
         Sewer |  38.9 |  38.9 |   N/A |   N/A |  49.4 | 349.0
               +-------+-------+-------+-------+-------+----------------------

Table legend: (Time is in decaauts)
 A = Elapsed time spent in this place.
 B = Non-inter-level travel time spent in this place.
 C = Inter-level travel time spent in this place.
 D = Time resting spent in this place.
 E = Time spent auto-exploring this place.
 F = Levels seen in this place.
 G = Mean time per level.
                   A        B        C        D        E       F      G
               +--------+--------+--------+--------+--------+-----+--------+
         Total |   3602 |   3542 |     60 |   1258 |   1755 |   5 |  720.4 |
       Dungeon |   2897 |   2837 |     60 |    806 |   1621 |   4 |  724.2 |
         Sewer |    705 |    705 |      0 |    451 |    134 |   1 |  705.0 |
               +--------+--------+--------+--------+--------+-----+--------+

Top non-repeatable levels by time:
     D:2: 1047 daAuts
     D:1: 1030 daAuts
     D:3: 743 daAuts
   Sewer: 705 daAuts
     D:4: 76 daAuts
